PAA
WESTWOOD SIXSHOOTERS @ FT. POLK SOUTH THUNDER HAWKS
05/29/2038
 
TOP OF THE 1ST
Westwood Sixshooters batting - Pitching for Ft. Polk South Thunder Hawks : RHP Jeff Wright
Pitching: RHP Jeff Wright
Batting: RHB Wallace Bane 0-0: SINGLE (Groundball, 6, EV 80.6 MPH) (infield hit)
Batting: LHB Q' Drennan 0-0: Called Strike
Wallace Bane steals 2nd base
0-1: SINGLE (Groundball, 4, EV 83.1 MPH) (infield hit)
Wallace Bane to third
Batting: LHB Alfonso López 0-0: SINGLE (Groundball, 56D, EV 99.4 MPH)
Wallace Bane scores
Q' Drennan to second
Batting: RHB Oki Hai 0-0: Ball
1-0: Called Strike
1-1: SINGLE (Groundball, 56D, EV 105.6 MPH)
Q' Drennan to third
Alfonso López to second
Runner from 3rd tries for Home, SAFE, throw by LF to home
Batting: LHB Juan Carlos Vázquez 0-0: Ball
1-0: Grounds out, U3 (Groundball, 3L, EV 85.0 MPH)
Alfonso López to third
Batting: RHB Mark Merry 0-0: Called Strike
0-1: Called Strike
0-2: Ball
1-2: Ball
2-2: Ball
3-2: Foul Ball, location: 2F
3-2: Base on Balls
Batting: SHB José Tirado 0-0: Ball
1-0: Swinging Strike
1-1: Foul Ball, location: 2F
1-2: Ball
2-2: Foul Ball, location: 2F
2-2: SINGLE (Groundball, 34S, EV 65.0 MPH) (infield hit)
Alfonso López scores
Oki Hai to third
Mark Merry to second
Batting: RHB Jesús González 0-0: Called Strike
0-1: Ball
1-1: Swinging Strike
1-2: Strikes out swinging
Batting: RHB Christian Rose 0-0: Called Strike
0-1: Ball
1-1: Fielders Choice at 2nd, U4 (Groundball, 4M, EV 81.2 MPH)
Top of the 1st over - 3 runs, 5 hits, 0 errors, 3 left on base; Westwood 3 - Ft. Polk South 0
BOTTOM OF THE 1ST
Ft. Polk South Thunder Hawks batting - Pitching for Westwood Sixshooters : RHP Pjotr Melis
Pitching: RHP Pjotr Melis
Batting: RHB Terry Kurucz 0-0: Foul Ball, location: 2F
0-1: Ball
1-1: Ball
2-1: Ball
3-1: Called Strike
3-2: Foul Ball, location: 2F
3-2: Foul Ball, location: 2F
3-2: Strikes out swinging
Batting: LHB Roberto Baca 0-0: Ball
1-0: Bunt for hit to 15S - play at first, batter OUT! 1-3
Batting: LHB Carlos Castro 0-0: Foul Ball, location: 2F
0-1: Swinging Strike
0-2: Ball
1-2: Ground out 6-3 (Groundball, 6, EV 83.8 MPH)
Bottom of the 1st over - 0 runs, 0 hits, 0 errors, 0 left on base; Westwood 3 - Ft. Polk South 0
TOP OF THE 2ND
Westwood Sixshooters batting - Pitching for Ft. Polk South Thunder Hawks : RHP Jeff Wright
Batting: RHB Wallace Bane 0-0: Swinging Strike
0-1: Foul Ball, location: 2F
0-2: Strikes out swinging
Batting: LHB Q' Drennan 0-0: Foul Ball, location: 2F
0-1: Ball
1-1: Ball
2-1: Foul Ball, location: 2F
2-2: Ball
3-2: Base on Balls
Batting: LHB Alfonso López 0-0: Fielders Choice at 2nd, 6-4 (Groundball, 6, EV 86.2 MPH)
Batting: RHB Oki Hai 0-0: Ball
1-0: Called Strike
1-1: Ball
2-1: Foul Ball, location: 2F
2-2: Fly out, F9 (Line Drive, 9, EV 108.1 MPH)
Top of the 2nd over - 0 runs, 0 hits, 0 errors, 1 left on base; Westwood 3 - Ft. Polk South 0
BOTTOM OF THE 2ND
Ft. Polk South Thunder Hawks batting - Pitching for Westwood Sixshooters : RHP Pjotr Melis
Batting: LHB Anastasio Flores 0-0: Fly out, F7 (Flyball, 7, EV 83.1 MPH)
Batting: RHB Justin Forbes 0-0: Called Strike
0-1: Foul Ball, location: 2F
0-2: Ball
1-2: Strikes out swinging
Batting: LHB Gregory Clement 0-0: Ball
1-0: Fly out, F8 (Line Drive, 8LD, EV 97.5 MPH)
Bottom of the 2nd over - 0 runs, 0 hits, 0 errors, 0 left on base; Westwood 3 - Ft. Polk South 0
TOP OF THE 3RD
Westwood Sixshooters batting - Pitching for Ft. Polk South Thunder Hawks : RHP Jeff Wright
Batting: LHB Juan Carlos Vázquez 0-0: Foul Ball, location: 2F
0-1: Ball
1-1: Ball
2-1: Ground out 1-3 (Groundball, 15S, EV 65.6 MPH)
Batting: RHB Mark Merry 0-0: Ball
1-0: Foul Ball, location: 2F
1-1: SINGLE (Flyball, 9S, EV 90.6 MPH)
Batting: SHB José Tirado 0-0: Foul Ball, location: 2F
0-1: Ball
1-1: Ball
2-1: Called Strike
2-2: Ball
3-2: Foul Ball, location: 2F
3-2: Base on Balls
Mark Merry to second
Batting: RHB Jesús González 0-0: Ball
1-0: Foul Ball, location: 2F
1-1: Ball
2-1: Ball
3-1: Base on Balls
Mark Merry to third
José Tirado to second
Batting: RHB Christian Rose 0-0: Ball
1-0: Called Strike
1-1: Foul Ball, location: 2F
1-2: Fly out, F7 (Flyball, 78S, EV 90.6 MPH)
Batting: RHB Wallace Bane 0-0: Called Strike
0-1: Called Strike
0-2: Fielders Choice at 2nd, 6-4 (Groundball, 6, EV 81.9 MPH)
Top of the 3rd over - 0 runs, 1 hit, 0 errors, 3 left on base; Westwood 3 - Ft. Polk South 0
BOTTOM OF THE 3RD
Ft. Polk South Thunder Hawks batting - Pitching for Westwood Sixshooters : RHP Pjotr Melis
Batting: RHB Miguel Pacheco 0-0: Called Strike
0-1: Ball
1-1: Ball
2-1: Called Strike
2-2: Strikes out swinging
Batting: RHB Lucas Gallant 0-0: Foul Ball, location: 2F
0-1: Ball
1-1: Called Strike
1-2: Foul Ball, location: 2F
1-2: Foul Ball, location: 2F
1-2: Fly out, F9 (Line Drive, 9, EV 93.1 MPH)
Batting: RHB Scott Velthuizen 0-0: Ball
1-0: TRIPLE (Line Drive, 7LD, EV 108.8 MPH)
Batting: RHB Terry Kurucz 0-0: Ball
1-0: Ball
2-0: Called Strike
2-1: Ball
3-1: SINGLE (Groundball, 6MD, EV 103.8 MPH)
Scott Velthuizen scores
Batting: LHB Roberto Baca 0-0: Ball
Terry Kurucz steals 2nd base
1-0: Ball
2-0: Called Strike
2-1: Foul Ball, location: 2F
2-2: Ball
3-2: SINGLE (Groundball, 13, EV 85.6 MPH) (infield hit)
Terry Kurucz to third
Batting: LHB Carlos Castro 0-0: Foul Ball, location: 2F
0-1: Ball
1-1: Ball
2-1: Ball
3-1: Called Strike
3-2: DOUBLE (Line Drive, 9LS, EV 88.1 MPH)
Terry Kurucz scores
Roberto Baca to third
Roberto Baca scores
Batting: LHB Anastasio Flores 0-0: Ball
1-0: Ball
2-0: Foul Ball, location: 2F
2-1: Ball
3-1: Foul Ball, location: 2F
3-2: Base on Balls
Batting: RHB Justin Forbes 0-0: Called Strike
0-1: Fly out, F8 (Flyball, 8RS, EV 77.5 MPH)
Bottom of the 3rd over - 3 runs, 4 hits, 0 errors, 2 left on base; Westwood 3 - Ft. Polk South 3
TOP OF THE 4TH
Westwood Sixshooters batting - Pitching for Ft. Polk South Thunder Hawks : RHP Jeff Wright
Batting: LHB Q' Drennan 0-0: Ball
1-0: Ball
2-0: Called Strike
2-1: Fly out, F8 (Flyball, 8RD, EV 81.2 MPH)
Batting: LHB Alfonso López 0-0: Ball
1-0: Swinging Strike
1-1: Ball
2-1: Fly out, F9 (Flyball, 9, EV 92.5 MPH)
Batting: RHB Oki Hai 0-0: Ball
1-0: Ball
2-0: SOLO HOME RUN (Flyball, 7D, EV 111.9 MPH), Distance : 356 ft
Batting: LHB Juan Carlos Vázquez 0-0: Ball
1-0: Fly out, F9 (Flyball, 9D, EV 97.5 MPH)
Top of the 4th over - 1 run, 1 hit, 0 errors, 0 left on base; Westwood 4 - Ft. Polk South 3
BOTTOM OF THE 4TH
Ft. Polk South Thunder Hawks batting - Pitching for Westwood Sixshooters : RHP Pjotr Melis
Batting: LHB Gregory Clement 0-0: Called Strike
0-1: Swinging Strike
0-2: Ball
1-2: SINGLE (Groundball, 4, EV 90.0 MPH) (infield hit)
Batting: RHB Miguel Pacheco 0-0: Called Strike
0-1: Ball
1-1: Fly out, F8 (Flyball, 8LM, EV 93.1 MPH)
Batting: RHB Lucas Gallant 0-0: Ball
1-0: Fly out, F2 (Popup, 25F, EV 85.6 MPH)
Batting: RHB Scott Velthuizen 0-0: Ground out U3 (Groundball, 3, EV 88.8 MPH)
Bottom of the 4th over - 0 runs, 1 hit, 0 errors, 1 left on base; Westwood 4 - Ft. Polk South 3
TOP OF THE 5TH
Westwood Sixshooters batting - Pitching for Ft. Polk South Thunder Hawks : RHP Jeff Wright
Pitching: RHP Seung-jae Hwang
Batting: RHB Mark Merry 0-0: Called Strike
0-1: Swinging Strike
0-2: Foul Ball, location: 2F
0-2: Ball
1-2: Strikes out looking
Batting: SHB José Tirado 0-0: Hit by Pitch
Batting: RHB Jesús González 0-0: Ball
1-0: Foul Ball, location: 2F
1-1: Foul Ball, location: 2F
1-2: Strikes out looking
Batting: RHB Christian Rose 0-0: Fielders Choice at 2nd, 6-4 (Groundball, 6, EV 82.5 MPH)
Top of the 5th over - 0 runs, 0 hits, 0 errors, 1 left on base; Westwood 4 - Ft. Polk South 3
BOTTOM OF THE 5TH
Ft. Polk South Thunder Hawks batting - Pitching for Westwood Sixshooters : RHP Pjotr Melis
Batting: RHB Terry Kurucz 0-0: Ball
1-0: Foul Ball, location: 2F
1-1: Ball
2-1: Swinging Strike
2-2: Ball
3-2: Strikes out swinging, 2-3 out at first.
Batting: LHB Roberto Baca 0-0: Called Strike
0-1: Ball
1-1: Ball
2-1: Ball
3-1: Called Strike
3-2: Foul Ball, location: 2F
3-2: SINGLE (Line Drive, 6MD, EV 96.9 MPH)
Batting: LHB Carlos Castro 0-0: Ball
Roberto Baca is caught stealing 2nd base 2-6
1-0: Called Strike
1-1: Foul Ball, location: 2F
1-2: Ball
2-2: Foul Ball, location: 2F
2-2: Ball
3-2: SINGLE (Line Drive, 7S, EV 90.0 MPH)
Batting: LHB Anastasio Flores 0-0: Foul Ball, location: 2F
0-1: Foul Ball, location: 2F
0-2: Strikes out swinging
Bottom of the 5th over - 0 runs, 2 hits, 0 errors, 1 left on base; Westwood 4 - Ft. Polk South 3
TOP OF THE 6TH
Westwood Sixshooters batting - Pitching for Ft. Polk South Thunder Hawks : RHP Seung-jae Hwang
Batting: RHB Wallace Bane 0-0: Called Strike
0-1: Ball
1-1: Ground out 5-3 (Groundball, 56, EV 104.4 MPH)
Batting: LHB Q' Drennan 0-0: Called Strike
0-1: Foul Ball, location: 2F
0-2: Ball
1-2: Foul Ball, location: 2F
1-2: Fly out, F7 (Flyball, 7LS, EV 87.5 MPH)
Batting: LHB Alfonso López 0-0: Called Strike
0-1: Ball
1-1: Ball
2-1: DOUBLE (Line Drive, 78XD, EV 99.4 MPH)
Batting: RHB Oki Hai 0-0: SINGLE (Groundball, 6D, EV 100.6 MPH)
Alfonso López to third
Runner from 3rd tries for Home, SAFE, no throw by CF
Batting: LHB Juan Carlos Vázquez 0-0: Foul Ball, location: 2F
0-1: Foul Ball, location: 2F
0-2: Ball
1-2: Ball
2-2: Foul Ball, location: 2F
2-2: Foul Ball, location: 2F
2-2: Fielders Choice at 2nd, 5-4 (Groundball, 56, EV 98.8 MPH)
Top of the 6th over - 1 run, 2 hits, 0 errors, 1 left on base; Westwood 5 - Ft. Polk South 3
BOTTOM OF THE 6TH
Ft. Polk South Thunder Hawks batting - Pitching for Westwood Sixshooters : RHP Pjotr Melis
Batting: RHB Justin Forbes 0-0: Called Strike
0-1: Ball
1-1: Ball
2-1: Ball
3-1: Base on Balls
Pitching: RHP Mike Larsen
Batting: LHB Gregory Clement 0-0: Ball
1-0: Swinging Strike
1-1: Ball
2-1: Foul Ball, location: 2F
2-2: Strikes out swinging
Batting: RHB Miguel Pacheco 0-0: Ball
1-0: Ball
2-0: Fly out, F4 (Flyball, 4D, EV 72.5 MPH)
Batting: RHB Lucas Gallant 0-0: Ball
1-0: Fielders Choice at 2nd, 5-4 (Groundball, 56, EV 106.2 MPH)
Bottom of the 6th over - 0 runs, 0 hits, 0 errors, 1 left on base; Westwood 5 - Ft. Polk South 3
TOP OF THE 7TH
Westwood Sixshooters batting - Pitching for Ft. Polk South Thunder Hawks : RHP Seung-jae Hwang
Batting: RHB Mark Merry 0-0: Ball
1-0: Called Strike
1-1: Ball
2-1: Called Strike
2-2: Strikes out looking
Batting: SHB José Tirado 0-0: Ball
1-0: Ball
2-0: Foul Ball, location: 2F
2-1: Swinging Strike
2-2: Fly out, F7 (Flyball, 7S, EV 73.8 MPH)
Batting: RHB Jesús González 0-0: Swinging Strike
0-1: Foul Ball, location: 2F
0-2: Foul Ball, location: 2F
0-2: Foul Ball, location: 2F
0-2: Ball
1-2: Ball
2-2: Foul Ball, location: 2F
2-2: Ball
3-2: Foul Ball, location: 2F
3-2: Base on Balls
Pitching: LHP António Morterero
Batting: RHB Christian Rose 0-0: Called Strike
0-1: Foul Ball, location: 2F
0-2: Ground out 6-3 (Groundball, 6S, EV 89.4 MPH)
Top of the 7th over - 0 runs, 0 hits, 0 errors, 1 left on base; Westwood 5 - Ft. Polk South 3
BOTTOM OF THE 7TH
Ft. Polk South Thunder Hawks batting - Pitching for Westwood Sixshooters : RHP Mike Larsen
Batting: RHB Scott Velthuizen 0-0: Foul Ball, location: 2F
0-1: Ball
1-1: Ball
2-1: Ball
3-1: Swinging Strike
3-2: Foul Ball, location: 2F
3-2: Strikes out swinging
Batting: RHB Terry Kurucz 0-0: Ball
1-0: Called Strike
1-1: Ball
2-1: SINGLE (Groundball, 4MD, EV 96.9 MPH)
Batting: LHB Roberto Baca 0-0: Ball
1-0: Fly out, F9 (Flyball, 89D, EV 103.1 MPH)
Batting: LHB Carlos Castro 0-0: Ball
1-0: Called Strike
1-1: DOUBLE (Flyball, 78XD, EV 87.5 MPH)
Terry Kurucz to third
Batting: LHB Anastasio Flores 0-0: Ball
1-0: Ball
2-0: Foul Ball, location: 2F
2-1: Ball
3-1: Swinging Strike
3-2: DOUBLE (Line Drive, 5D, EV 101.2 MPH)
Terry Kurucz scores
Carlos Castro scores
Batting: RHB Justin Forbes 0-0: Called Strike
0-1: Called Strike
0-2: Ball
1-2: Foul Ball, location: 2F
1-2: Fly out, F9 (Line Drive, 9, EV 88.8 MPH)
Bottom of the 7th over - 2 runs, 3 hits, 0 errors, 1 left on base; Westwood 5 - Ft. Polk South 5
TOP OF THE 8TH
Westwood Sixshooters batting - Pitching for Ft. Polk South Thunder Hawks : LHP António Morterero
Batting: RHB Wallace Bane 0-0: Fly out, F3 (Popup, 3SF, EV 77.5 MPH)
Batting: LHB Q' Drennan 0-0: Swinging Strike
0-1: Ground out 1-3 (Groundball, 13S, EV 74.4 MPH)
Batting: LHB Alfonso López 0-0: Called Strike
0-1: Swinging Strike
0-2: Ball
1-2: Foul Ball, location: 2F
1-2: Strikes out looking
Top of the 8th over - 0 runs, 0 hits, 0 errors, 0 left on base; Westwood 5 - Ft. Polk South 5
BOTTOM OF THE 8TH
Ft. Polk South Thunder Hawks batting - Pitching for Westwood Sixshooters : RHP Mike Larsen
Batting: LHB Gregory Clement 0-0: Called Strike
0-1: Called Strike
0-2: Ball
1-2: Foul Ball, location: 2F
1-2: Foul Ball, location: 2F
1-2: Foul Ball, location: 2F
1-2: Ball
2-2: Ball
3-2: Fly out, F8 (Flyball, 89S, EV 80.0 MPH)
Batting: RHB Miguel Pacheco 0-0: Foul Ball, location: 2F
0-1: Ball
1-1: Ball
2-1: Ball
3-1: Ground out 5-3 (Groundball, 56S, EV 78.1 MPH)
Batting: RHB Lucas Gallant 0-0: Called Strike
0-1: Foul Ball, location: 2F
0-2: Ground out 4-3 (Groundball, 4, EV 80.0 MPH)
Bottom of the 8th over - 0 runs, 0 hits, 0 errors, 0 left on base; Westwood 5 - Ft. Polk South 5
TOP OF THE 9TH
Westwood Sixshooters batting - Pitching for Ft. Polk South Thunder Hawks : LHP António Morterero
Batting: RHB Oki Hai 0-0: Called Strike
0-1: Ball
1-1: Fly out, F8 (Flyball, 8RM, EV 76.2 MPH)
Batting: LHB Juan Carlos Vázquez 0-0: Called Strike
0-1: Called Strike
0-2: Strikes out looking
Batting: RHB Mark Merry 0-0: Called Strike
0-1: Swinging Strike
0-2: Foul Ball, location: 2F
0-2: Ball
1-2: Strikes out swinging
Top of the 9th over - 0 runs, 0 hits, 0 errors, 0 left on base; Westwood 5 - Ft. Polk South 5
BOTTOM OF THE 9TH
Ft. Polk South Thunder Hawks batting - Pitching for Westwood Sixshooters : RHP Mike Larsen
Batting: RHB Scott Velthuizen 0-0: Fly out, F8 (Flyball, 8LXD, EV 102.5 MPH)
Batting: RHB Terry Kurucz 0-0: Ball
1-0: Ball
2-0: Called Strike
2-1: Ball
3-1: Base on Balls
Pitching: RHP Thie Calkhoven
Batting: LHB Roberto Baca 0-0: Ball
1-0: Ground out U3 (Groundball, 3S, EV 81.2 MPH)
Terry Kurucz to second
Batting: LHB Carlos Castro 0-0: Ball
1-0: Ball
2-0: Foul Ball, location: 2F
2-1: Called Strike
2-2: Ball
3-2: Ground out 4-3 (Groundball, 4, EV 90.6 MPH)
Bottom of the 9th over - 0 runs, 0 hits, 0 errors, 1 left on base; Westwood 5 - Ft. Polk South 5
TOP OF THE 10TH
Westwood Sixshooters batting - Pitching for Ft. Polk South Thunder Hawks : LHP António Morterero
Batting: SHB José Tirado 0-0: Called Strike
0-1: Swinging Strike
0-2: Strikes out swinging
Batting: RHB Jesús González 0-0: Ball
1-0: SINGLE (Line Drive, 9S, EV 100.0 MPH)
Batting: RHB Christian Rose 0-0: Called Strike
0-1: Ball
1-1: Foul Ball, location: 2F
1-2: Strikes out looking
Batting: RHB Wallace Bane 0-0: Called Strike
0-1: SINGLE (Groundball, 6, EV 81.9 MPH) (infield hit)
Jesús González to second
Pinch Hitting: RHB Sean Wallace 0-0: Called Strike
0-1: Ball
1-1: Ball
2-1: Foul Ball, location: 2F
2-2: Ball
3-2: Base on Balls
Jesús González to third
Wallace Bane to second
Pinch Hitting: RHB Yoshihiro Iwasaki 0-0: Swinging Strike
0-1: Foul Ball, location: 2F
0-2: Fly out, F6 (Popup, 6MD, EV 58.1 MPH)
Top of the 10th over - 0 runs, 2 hits, 0 errors, 3 left on base; Westwood 5 - Ft. Polk South 5
BOTTOM OF THE 10TH
Ft. Polk South Thunder Hawks batting - Pitching for Westwood Sixshooters : RHP Thie Calkhoven
Pitching: RHP José Díaz
Now at 2B: Leilani Aberahama
Now in CF: Yoshihiro Iwasaki
Batting: LHB Anastasio Flores 0-0: Ball
1-0: SINGLE (Groundball, 4MD, EV 110.0 MPH)
Batting: RHB Justin Forbes 0-0: Ball
1-0: Called Strike
1-1: Called Strike
1-2: Strikes out looking
Batting: LHB Gregory Clement 0-0: Called Strike
0-1: Ball
1-1: Ball
2-1: Called Strike
2-2: Strikes out swinging
Batting: RHB Miguel Pacheco 0-0: Swinging Strike
0-1: Ball
1-1: Foul Ball, location: 2F
1-2: Foul Ball, location: 2F
1-2: Foul Ball, location: 2F
1-2: Ball
2-2: Foul Ball, location: 2F
2-2: Ball
3-2: Foul Ball, location: 2F
3-2: Strikes out swinging
Bottom of the 10th over - 0 runs, 1 hit, 0 errors, 1 left on base; Westwood 5 - Ft. Polk South 5
TOP OF THE 11TH
Westwood Sixshooters batting - Pitching for Ft. Polk South Thunder Hawks : LHP António Morterero
Batting: RHB Oki Hai 0-0: Called Strike
0-1: Fly out, F8 (Line Drive, 8RM, EV 91.2 MPH)
Batting: LHB Juan Carlos Vázquez 0-0: Swinging Strike
0-1: Ball
1-1: Called Strike
1-2: Strikes out swinging
Batting: RHB Mark Merry 0-0: Ball
1-0: Foul Ball, location: 2F
1-1: Swinging Strike
1-2: Foul Ball, location: 2F
1-2: Ball
2-2: Ground out 4-3 (Groundball, 4, EV 83.8 MPH)
Top of the 11th over - 0 runs, 0 hits, 0 errors, 0 left on base; Westwood 5 - Ft. Polk South 5
BOTTOM OF THE 11TH
Ft. Polk South Thunder Hawks batting - Pitching for Westwood Sixshooters : RHP José Díaz
Pitching: RHP Hong-yeol Chang
Batting: RHB Lucas Gallant 0-0: Ball
1-0: Called Strike
1-1: Ball
2-1: SINGLE (Line Drive, 8RS, EV 98.8 MPH)
Batting: RHB Scott Velthuizen 0-0: Ball
1-0: Called Strike
1-1: Fly out, F8 (Line Drive, 8LD, EV 90.6 MPH)
Runner from 1st tags up, SAFE at 2nd
Batting: RHB Terry Kurucz 0-0: Called Strike
0-1: Swinging Strike
0-2: Ball
1-2: Foul Ball, location: 2F
1-2: Foul Ball, location: 2F
1-2: Ball
2-2: Ball
3-2: Strikes out looking
Batting: LHB Roberto Baca 0-0: Ball
1-0: Called Strike
1-1: Foul Ball, location: 2F
1-2: Ball
2-2: Fly out, F9 (Flyball, 9D, EV 103.1 MPH)
Bottom of the 11th over - 0 runs, 1 hit, 0 errors, 1 left on base; Westwood 5 - Ft. Polk South 5
TOP OF THE 12TH
Westwood Sixshooters batting - Pitching for Ft. Polk South Thunder Hawks : LHP António Morterero
Pitching: RHP Bailey Achurch
Batting: SHB José Tirado 0-0: Ball
1-0: Swinging Strike
1-1: Ball
2-1: Fly out, F8 (Flyball, 78M, EV 91.9 MPH)
Batting: RHB Jesús González 0-0: Foul Ball, location: 2F
0-1: Ground out 5-3 (Groundball, 56, EV 81.2 MPH)
Batting: RHB Christian Rose 0-0: Ball
1-0: Ball
2-0: Ball
3-0: Base on Balls
Batting: RHB Wallace Bane 0-0: Ball
1-0: Called Strike
1-1: Foul Ball, location: 2F
1-2: Fielders Choice at 2nd, 6-4 (Groundball, 6, EV 99.4 MPH)
Top of the 12th over - 0 runs, 0 hits, 0 errors, 1 left on base; Westwood 5 - Ft. Polk South 5
BOTTOM OF THE 12TH
Ft. Polk South Thunder Hawks batting - Pitching for Westwood Sixshooters : RHP Hong-yeol Chang
Pitching: RHP Rodrigo Delvalle
Batting: LHB Carlos Castro 0-0: Ball
1-0: Foul Ball, location: 2F
1-1: Ball
2-1: Ball
3-1: Called Strike
3-2: Ground out 4-3 (Groundball, 4, EV 80.0 MPH)
Batting: LHB Anastasio Flores 0-0: Ball
1-0: Foul Ball, location: 2F
1-1: Ground out 4-3 (Groundball, 34D, EV 78.8 MPH)
Batting: RHB Justin Forbes 0-0: Ball
1-0: Fly out, F7 (Flyball, 78M, EV 86.9 MPH)
Bottom of the 12th over - 0 runs, 0 hits, 0 errors, 0 left on base; Westwood 5 - Ft. Polk South 5
TOP OF THE 13TH
Westwood Sixshooters batting - Pitching for Ft. Polk South Thunder Hawks : RHP Bailey Achurch
Batting: LHB Leilani Aberahama 0-0: Ball
1-0: Swinging Strike
1-1: Ball
2-1: Called Strike
2-2: Ball
3-2: Ground out U3 (Groundball, 3, EV 85.0 MPH)
Batting: RHB Yoshihiro Iwasaki 0-0: Fly out, F9 (Line Drive, 9D, EV 98.1 MPH)
Batting: RHB Oki Hai 0-0: Ball
1-0: Called Strike
1-1: Ball
2-1: Foul Ball, location: 2F
2-2: SINGLE (Groundball, 6MD, EV 98.8 MPH)
Batting: LHB Juan Carlos Vázquez 0-0: Ball
1-0: Ball
2-0: Ball
3-0: Called Strike
3-1: Ground out 2-3 (Groundball, 2L, EV 77.5 MPH)
Top of the 13th over - 0 runs, 1 hit, 0 errors, 1 left on base; Westwood 5 - Ft. Polk South 5
BOTTOM OF THE 13TH
Ft. Polk South Thunder Hawks batting - Pitching for Westwood Sixshooters : RHP Rodrigo Delvalle
Batting: LHB Gregory Clement 0-0: Ball
1-0: Fly out, F8 (Flyball, 8RM, EV 90.0 MPH)
Batting: RHB Miguel Pacheco 0-0: Foul Ball, location: 2F
0-1: Foul Ball, location: 2F
0-2: Strikes out looking
Batting: RHB Lucas Gallant 0-0: Called Strike
0-1: Ball
1-1: Fly out, F9 (Flyball, 9S, EV 90.0 MPH)
Bottom of the 13th over - 0 runs, 0 hits, 0 errors, 0 left on base; Westwood 5 - Ft. Polk South 5
TOP OF THE 14TH
Westwood Sixshooters batting - Pitching for Ft. Polk South Thunder Hawks : RHP Bailey Achurch
Batting: RHB Mark Merry 0-0: Ball
1-0: Foul Ball, location: 2F
1-1: Ball
2-1: Fly out, F7 (Flyball, 7S, EV 73.1 MPH)
Batting: SHB José Tirado 0-0: Fly out, F7 (Flyball, 7S, EV 90.0 MPH)
Batting: RHB Jesús González 0-0: Ball
1-0: Swinging Strike
1-1: Foul Ball, location: 2F
1-2: Strikes out swinging
Top of the 14th over - 0 runs, 0 hits, 0 errors, 0 left on base; Westwood 5 - Ft. Polk South 5
BOTTOM OF THE 14TH
Ft. Polk South Thunder Hawks batting - Pitching for Westwood Sixshooters : RHP Rodrigo Delvalle
Pitching: RHP George Johnstone
Batting: RHB Scott Velthuizen 0-0: Ball
1-0: Ball
2-0: Called Strike
2-1: Swinging Strike
2-2: Ball
3-2: Foul Ball, location: 2F
3-2: Base on Balls
Batting: RHB Terry Kurucz 0-0: Sac Bunt to 15S - play at second, runner OUT! 1-6
Batting: LHB Roberto Baca 0-0: Ball
1-0: Ball
2-0: Ball
3-0: Called Strike
3-1: Base on Balls
Terry Kurucz to second
Batting: LHB Carlos Castro 0-0: Foul Ball, location: 2F
0-1: Ball
1-1: Ball
2-1: Foul Ball, location: 2F
2-2: Ball
3-2: Base on Balls
Terry Kurucz to third
Roberto Baca to second
Batting: LHB Anastasio Flores 0-0: Foul Ball, location: 2F
0-1: Ball
1-1: Called Strike
1-2: Ball
2-2: SINGLE (Flyball, 7S, EV 90.0 MPH)
Terry Kurucz scores
Friday, April 17th, 2020 - OOTP Baseball 20.8 Build 74